 Dungeon Crawl Stone Soup version 0.18.1-8-gdd0e5ea (webtiles) character file.

274 pithlit the Skirmisher (level 6, 0/84 HPs)
             Began as a Hill Orc Fighter on May 30, 2016.
             Was a Follower of Pakellas.
             Killed from afar by an orc wizard (3 damage)
             ... with a puff of flame
             ... on level 3 of the Dungeon.
             The game lasted 00:12:10 (2713 turns).

pithlit the Skirmisher (Hill Orc Fighter)           Turns: 2713, Time: 00:12:12

Health: 0/84       AC: 23    Str: 21    XL:     6   Next: 24%
Magic:  5/6        EV:  2    Int:  8    God:    Pakellas [*.....]
Gold:   185        SH:  9    Dex: 10    Spells: 0 memorised, 5 levels left

rFire  . . .     SeeInvis .     a - +0 war axe
rCold  . . .     Gourm    .     (armour currently unavailable)
rNeg   + + +     Faith    .     c - +0 shield
rPois  +         Spirit   .     (helmet currently unavailable)
rElec  .         Dismiss  .     (cloak currently unavailable)
rCorr  .         Reflect  .     (gloves currently unavailable)
SustAt .         Harm     .     (boots currently unavailable)
MR     .....     NoTele   +     (no amulet)
Stlth  +.........               (no ring)
                                (no ring)

@: tree-form, not resistant to hostile enchantments, very unstealthy
A: no striking features
a: Quick Charge, Renounce Religion


You were on level 3 of the Dungeon.
You worshipped Pakellas.
Pakellas was aware of your devotion.
You were hungry.
You were a tree.
You visited 1 branch of the dungeon, and saw 3 of its levels.

You collected 185 gold pieces.

Inventory:

Hand Weapons
 a - a +0 war axe (weapon)
Missiles
 m - 3 tomahawks (quivered)
Armour
 b - a +0 scale mail (melded)
 c - a +0 shield (worn)
 o - a +0 helmet (melded)
Wands
 i - a wand of random effects (29/48)
Scrolls
 j - a scroll of enchant weapon {unknown}
 k - a scroll of teleportation {unknown}
 s - a scroll of remove curse {unknown}
 t - a scroll of identify
 u - a scroll of fear {unknown}
Potions
 d - 2 potions of might
 e - 2 potions of mutation {unknown}
 g - 2 potions of heal wounds {unknown}
 h - 4 potions of curing {unknown}
 l - a potion of cure mutation {unknown}
 n - a potion of brilliance {unknown}
 r - a potion of lignification
 v - a potion of flight {unknown}
Books
 p - a book of Transfigurations

   Spells                             Type                      Level
   a - Irradiate                      Conjuration/Transmutation    5
   b - Statue Form                    Transmutation/Earth          6
   c - Hydra Form                     Transmutation                6
   d - Dragon Form                    Transmutation                7
Comestibles
 f - a bread ration
 q - a meat ration
 w - a chunk of flesh
 x - a beef jerky


   Skills:
 + Level 5.2 Fighting
 + Level 4.4 Axes
 + Level 4.3 Armour
 + Level 4.9 Shields
 * Level 0.8 Evocations


You had 5 spell levels left.
You didn't know any spells.

Dungeon Overview and Level Annotations

Branches:
Dungeon (3/15)

Altars:
Elyvilon
Pakellas


Message History

Something hits you.
* * * LOW HITPOINT WARNING * * *
Zapping:
i - a wand of random effects (30/48)
Press: ? - help, Shift-Dir - straight line Nothing appears to happen.
This wand has 29 charges left.
Something hits you but does no damage.
You hit something but do no damage. You block something's attack.
You hear some strange, mumbled words.
A puff of flame appears from out of thin air!
The puff of flame hits you!
* * * LOW HITPOINT WARNING * * *
It was a potion of lignification.
You turn into a tree.
Your +0 helmet melds into your body.
Your +0 scale mail melds into your body.
Your roots penetrate the ground.
You hear some strange, mumbled words.
A puff of flame appears from out of thin air!
The puff of flame hits you!
You die...
Pakellas says: Time to start the next experiment...

####.............[........
####...........#.##.......
..†.......................
.........###....<.........
.........##...............
.........##...........#...
.................##...####
.............#.#........
.............#.#♣# ...##
...#####.....#.#{# ..#
...# #.....#.#.###.## ...#
#................ ####
#####.#.#####.###
#<#......... ###.########
#.# #.#####


There were no monsters in sight!

Vanquished Creatures
  An orc priest (D:3)
  An orc wizard (D:3)
  9 adders
  An ooze (D:2)
  A worm (D:3)
  3 dart slugs
  7 giant geckos
  9 orcs (D:3)
  10 bats
  4 giant cockroaches
  5 goblins
  10 hobgoblins
  4 jackals (D:1)
  A quokka (D:2)
  A ball python (D:1)
  5 giant newts
  4 kobolds
  6 rats
82 creatures vanquished.

Vanquished Creatures (collateral kills)
  An orc priest (D:3)
  An orc (D:3)
2 creatures vanquished.

Vanquished Creatures (others)
  A rat (D:2)
1 creature vanquished.

Grand Total: 85 creatures vanquished

Notes
Turn   | Place    | Note
--------------------------------------------------------------
     0 | D:1      | pithlit the Hill Orc Fighter began the quest for the Orb.
     0 | D:1      | Reached XP level 1. HP: 19/19 MP: 1/1
   339 | D:1      | Reached XP level 2. HP: 27/27 MP: 2/2
   635 | D:1      | Reached XP level 3. HP: 30/33 MP: 3/3
   645 | D:1      | Reached skill level 4 in Fighting
  1358 | D:2      | Reached XP level 4. HP: 37/40 MP: 4/4
  1414 | D:2      | Found an oddly glowing altar of Pakellas.
  1435 | D:2      | Became a worshipper of Pakellas the Inventive
  1855 | D:2      | Reached XP level 5. HP: 40/47 MP: 5/5
  1908 | D:2      | Found a white marble altar of Elyvilon.
  2161 | D:3      | Reached * piety under Pakellas
  2161 | D:3      | Received a gift from Pakellas
  2397 | D:3      | Reached skill level 5 in Fighting
  2580 | D:3      | Reached XP level 6. HP: 42/56 MP: 4/6
  2712 | D:3      | HP: 2/56 [something/puff of flame (7)]
  2713 | D:3      | Killed from afar by an orc wizard

Skill      XL: |  1  2  3  4  5 |
---------------+----------------+-----
Axes           | 3 4 |  4.4
Fighting       | 4 5 |  5.2
Shields        | 4 |  4.9
Armour         | 4 |  4.3
Evocations     | |  0.8

Action                   |  1- 3 |  4- 6 || total
-------------------------+-------+-------++-------
Melee: War axe           |   110 |   160 ||   270
Throw: Tomahawk          |       |     7 ||     7
Invok: Quick Charge      |       |     1 ||     1
Evoke: Wand              |       |     8 ||     8
  Use: Scroll            |       |     1 ||     1
       Potion            |       |     1 ||     1
 Stab: Distracted        |       |     1 ||     1
  Eat: Chunk             |     2 |     4 ||     6
Armor: Scale mail        |    66 |    73 ||   139
Dodge: Dodged            |    41 |    50 ||    91
Block: Shield            |    63 |    77 ||   140
